 Dungeon Crawl Stone Soup version 0.31-a0-844-gdc52ec4e09 (webtiles) character file.

Game seed: 4663399315289690212

177 lonewolfV2 the Shield-Bearer (level 5, -6/42 HPs)
             Began as a Formicid Fighter on Sept 29, 2023.
             Succumbed to an orc priest's poison
             ... on level 3 of the Dungeon.
             The game lasted 00:02:21 (2085 turns).

lonewolfV2 the Shield-Bearer (Formicid Fighter)     Turns: 2085, Time: 00:02:21

Health: -6/42      AC:  7    Str: 22    XL:     5   Next: 87%
Magic:  1/5        EV:  9    Int:  8    God:
Gold:   46         SH:  5    Dex: 13    Spells: 4/4 levels left

rFire   . . .        a - +1 war axe
rCold   . . .        c - +0 buckler
rNeg    . . .        b - +0 scale mail
rPois   .            (helmet unavailable)
rElec   .            (no cloak)
rCorr   .            (no gloves)
SInv    +            (no boots)
Will    .....        h - amulet of guardian spirit Stlth
                     (no ring)
HPRegen 0.27/turn    (no ring)
MPRegen 0.09/turn

%: guardian spirit
@: lethally poisoned (-6 -> -34)
A: permanent stasis, dig shafts and tunnels, antennae 3, four strong arms
a: Dig, Shaft Self


You were on level 3 of the Dungeon.
You visited 1 branch of the dungeon, and saw 3 of its levels.

You collected 46 gold pieces.

Inventory:

Hand Weapons
 a - a +1 war axe (weapon)
Missiles
 j - a throwing net
Armour
 b - a +0 scale mail (worn)
 c - a +0 buckler (worn)
Jewellery
 h - an amulet of guardian spirit (around neck)
 n - an amulet of faith
Scrolls
 l - 2 scrolls of noise
 o - a scroll of teleportation {unknown}
Potions
 d - 2 potions of might
 e - a potion of lignification {unknown}
 f - a potion of haste
 g - a potion of mutation {unknown}
 i - a potion of cancellation
 k - a potion of curing {unknown}
 m - a potion of ambrosia {unknown}


   Skills:
 + Level 3.8 Fighting
 + Level 3.6 Axes
 + Level 4.4 Armour
 + Level 0.8 Dodging
 + Level 1.2 Stealth
 + Level 4.8 Shields


You had 4 spell levels left.
You didn't know any spells.
Your spell library contained the following spells:

 Spells                   Type           Power      Damage    Failure   Level
 Cigotuvi's Dreadful Rot  Necr/Pois/Air  0%         N/A       90%         2
 Ignite Poison            Fire/Tmut/Pois 0%         N/A       99%         3
 Freezing Cloud           Conj/Ice/Air   0%         6-21      100%        5


Dungeon Overview and Level Annotations

Branches:
Dungeon (3/15)

Altars:


Innate Abilities, Weirdness & Mutations

You cannot be hasted, slowed, berserked, paralysed or teleported.
You can dig through walls and to a lower floor.
You have a pair of large antennae on your head. (SInv)
Your four strong arms can wield two-handed weapons with a shield.


Message History

An orc is nearby!
An orc is nearby!
Found a scroll of identify.
The orc priest shouts!
You hit the orc.
The orc is heavily wounded.
The orc priest calls upon Beogh to heal the orc.
The orc's wounds heal themselves!
The orc hits you with a +0 short sword.
You hear a shout!
You closely miss the orc. The orc hits you but does no damage.
The orc hits you with a +0 short sword.
The orc priest mumbles some strange prayers to Beogh against you.
Pain shoots through your body!
You slash the orc!
You kill the orc!
Things that are here:
a +0 short sword; an orc corpse You slash the orc priest!
You kill the orc priest!
The orc priest miscasts a cantrip.
The orc priest mumbles some strange prayers to Beogh against you.
Beogh smites you!
* * * LOW HITPOINT WARNING * * *
Things that are here:
a +0 hand axe; an orc corpse You closely miss the orc priest.
The orc priest hits you but does no damage.
You are poisoned.
The orc priest hits you with a +1 dagger of venom.
* * * LOW HITPOINT WARNING * * *
You are more poisoned.
You hit the orc priest but do no damage.
* * * LOW HITPOINT WARNING * * *
You feel extremely sick.
The orc priest hits you with a +1 dagger of venom.
* * * LOW HITPOINT WARNING * * *
You are more poisoned.
You slash the orc priest!
The orc priest is heavily wounded.
You die...

###.... .....$.......#
####.################.#####
)............ .. #.#
####..#########. #.#
#.###........#####)# #
#.##..#...#......).#
####.#o{..............#
.....#o...............#
.##..#{.........@))..##
.....##..#...#..o....#
.##..###.............#
.#....#########......#
....#................#
>............)...?####
............#.#####
..........#.#. ..#...#...#


You could see an orc priest.

Vanquished Creatures
  2 orc priests (D:3)
  An orc wizard (D:3)
  3 adders (D:2)
  2 dart slugs (D:1)
  A worm (D:2)
  5 orcs (D:3)
  2 bats (D:2)
  2 endoplasms
  2 giant cockroaches
  5 goblins
  7 hobgoblins
  4 jackals (D:1)
  4 kobolds
  4 quokkas
  4 ball pythons
  3 frilled lizards (D:2)
  3 rats
54 creatures vanquished.

Vanquished Creatures (collateral kills)
  A bat (D:2)
1 creature vanquished.

Grand Total: 55 creatures vanquished

Notes
Turn   | Place    | Note
-------+----------+-------------------------------------------
     0 | D:1      | lonewolfV2 the Formicid Fighter began the quest for the
                  | Orb.
     0 | D:1      | Reached XP level 1. HP: 18/18 MP: 1/1
   234 | D:1      | Reached XP level 2. HP: 24/24 MP: 2/2
   492 | D:1      | Reached XP level 3. HP: 23/29 MP: 3/3
  1266 | D:2      | Reached XP level 4. HP: 36/36 MP: 4/4
  1456 | D:2      | Reached skill level 1 in Stealth
  1891 | D:3      | Reached XP level 5. HP: 24/42 MP: 3/5
  2084 | D:3      | HP: 2/42 [poisoned by an orc priest]
  2085 | D:3      | Succumbed to an orc priest's poison

Illustrated notes

Levels and vault maps discovered:
D:1:      wander_arrival_fairy_ring, layout_loops_corners,
          minmay_misc_feat_roman
D:2:      layout_basic, patterned_corridor
D:3:      cheibrodos_pilgrimage, layout_basic, chequers_ecumenical_altar_lobes,
          minmay_misc_feat_nine_boxes

Skill      XL: |  1  2  3  4 |
---------------+-------------+-----
Armour         | 4 |  4.4
Stealth        | 1 |  1.2
Axes           | 3 |  3.6
Fighting       | |  3.8
Dodging        | |  0.8
Shields        | |  4.8

Action                     |  1- 3 |  4- 6 || total
---------------------------+-------+-------++-------
  Melee: War axe           |    77 |    81 ||   158
    Use: Scroll            |     3 |     3 ||     6
 Armour: Scale mail        |    65 |    54 ||   119
  Dodge: Dodged            |    39 |    35 ||    74
  Block: Buckler           |    18 |    16 ||    34

Table legend: (Time is in decaauts)
 A = Elapsed time spent in this place.
 B = Non-inter-level travel time spent in this place.
 C = Inter-level travel time spent in this place.
 D = Time resting spent in this place.
 E = Time spent auto-exploring this place.
 F = Levels seen in this place.
 G = Mean time per level.
                   A        B        C        D        E       F      G
               +--------+--------+--------+--------+--------+-----+--------+
         Total |   2145 |   2091 |     54 |      0 |   1559 |   3 |  715.0 |
       Dungeon |   2145 |   2091 |     54 |      0 |   1559 |   3 |  715.0 |
               +--------+--------+--------+--------+--------+-----+--------+

Top non-repeatable levels by time:
     D:2: 1021 daAuts
     D:1: 870 daAuts
     D:3: 254 daAuts
